 Dungeon Crawl Stone Soup version 0.27-a0-492-ga4bb394fd4 (webtiles) character file.

Game seed: 5355738634389150120

93 Gaff the Sneak (level 4, 0/28 HPs)
             Began as a Kobold Brigand on Mar 2, 2021.
             Slain by a phantom (5 damage)
             ... on level 5 of the Dungeon.
             The game lasted 00:05:57 (2355 turns).

Gaff the Sneak (Kobold Brigand)                     Turns: 2355, Time: 00:05:58

Health: 0/28       AC:  4    Str:  8    XL:     4   Next: 91%
Magic:  4/4        EV: 15    Int: 12    God:
Gold:   152        SH:  0    Dex: 23    Spells: 3/3 levels left

rFire    . . .     SeeInvis .   a - +3 dagger
rCold    . . .     Faith    .   (shield restricted)
rNeg     . . .     Spirit   .   j - +0 leather armour
rPois    .         Reflect  .   (no helmet)
rElec    .         Harm     .   c - +0 cloak
rCorr    .         Rampage  .   (no gloves)
Will     .....                  (no boots)
Stlth    +++++.....             (no amulet)
HPRegen  0.09/turn              g - +6 ring of dexterity
MPRegen  0.09/turn              (no ring)

@: no status effects
A: small, nightstalker 3
a: no special abilities


You were on level 5 of the Dungeon.
You visited 1 branch of the dungeon, and saw 5 of its levels.

You collected 152 gold pieces.

Inventory:

Hand Weapons
 a - a +3 dagger (weapon)
 n - a +0 short sword
Missiles
 d - 23 poisoned darts (quivered)
 e - 2 curare-tipped darts
Armour
 b - a +0 robe
 c - a +0 cloak (worn)
 j - a +0 leather armour (worn)
Jewellery
 g - a +6 ring of dexterity (left hand)
Scrolls
 f - a scroll of identify {unknown}
 h - a scroll of enchant weapon
 p - a scroll of random uselessness {unknown}
 r - a scroll of amnesia {unknown}
Potions
 i - a potion of ambrosia
 k - a potion of heal wounds {unknown}
 m - a potion of attraction {unknown}
 q - a potion of curing {unknown}


   Skills:
 + Level 3.2 Fighting
 + Level 3.3 Short Blades
 - Level 2.2 Throwing
 + Level 0.6 Armour
 + Level 1.9 Dodging
 + Level 6.6 Stealth


You had 3 spell levels left.
You didn't know any spells.
Your spell library was empty.

Dungeon Overview and Level Annotations

Branches:
Dungeon (5/15)
 Temple: D:4-7

Altars:
Xom

Annotations:
D:3 Robin


Innate Abilities, Weirdness & Mutations

You are small and have problems with some larger weapons.
You are completely attuned to the shadows.


Message History

The jackal closely misses you. The jackal misses you.
The jackal closely misses you. The jackal bites you.
* * * LOW HITPOINT WARNING * * *
You hit the jackal.
You kill the jackal!
The jackal barely misses you. The phantom misses you. The jackal misses you.
The jackal bites you but does no damage.
The jackal closely misses you.
As you read the scroll labelled EFFAETHAIPH, it crumbles to dust.
It is a scroll of enchant weapon.
Your +2 dagger glows red for a moment.
The jackal misses you. The phantom misses you.
As you read the scroll labelled IKOPOU DIDU, it crumbles to dust.
The creatures around you are filled with an inner flame!
It was a scroll of immolation.
The jackal barely misses you. The jackal completely misses you.
The phantom hits you but does no damage.
There is a stone staircase leading up here.
The jackal misses you.
Found 8 gold pieces.
The jackal bites you.
* * * LOW HITPOINT WARNING * * *
You hit the jackal but do no damage. The jackal misses you.
You hit the jackal but do no damage.
The jackal bites you but does no damage.
You barely miss the jackal. The jackal barely misses you.
The jackal barely misses you.
You see here 8 gold pieces.
Throw: 24 darts (poison)
Press: ? - help, Q - select action, (/) - cycle Shift-Dir - straight line, f - jackal
Aim: a jackal (inner flame, 59% to hit)
You throw a poisoned dart.
The poisoned dart closely misses the phantom.
The poisoned dart hits the jackal.
The jackal is poisoned.
The jackal's inner flame fades away.
The phantom misses you. The jackal completely misses you.
The phantom misses you. The jackal closely misses you. The phantom hits you.
You die...

#######
#.....#
#.....#
#...$.#
##....#
##.hW.#
#..@(##
#....#
#....#
##...#
##...#
#....#
#....#
#....##
#.....#


You could see a phantom (inner flame) and a jackal (poisoned).

Vanquished Creatures
  3 adders (D:2)
  An ooze (D:1)
  3 dart slugs (D:2)
  3 bats
  5 giant cockroaches
  7 goblins
  5 hobgoblins
  4 jackals
  A quokka (D:2)
  5 frilled lizards
  9 kobolds
  11 rats
57 creatures vanquished.

Notes
Turn   | Place    | Note
-------+----------+-------------------------------------------
     0 | D:1      | Gaff the Kobold Brigand began the quest for the Orb.
     0 | D:1      | Reached XP level 1. HP: 12/12 MP: 1/1
    61 | D:1      | Reached XP level 2. HP: 15/18 MP: 2/2
   814 | D:2      | Reached skill level 6 in Stealth
   814 | D:2      | Reached XP level 3. HP: 22/22 MP: 3/3
  1230 | D:2      | Reached XP level 4. HP: 27/27 MP: 4/4
  1572 | D:2      | Found a glowing golden altar of the Shining One.
  1572 | D:2      | Found a shimmering altar of Xom.
  1572 | D:2      | Found a blossoming altar of Fedhas.
  1576 | D:2      | Found a snail-covered altar of Cheibriados.
  1576 | D:2      | Found a sacrificial altar of Ru.
  1576 | D:2      | Found an ancient bone altar of Kikubaaqudgha.
  2139 | D:3      | Noticed Robin
  2275 | D:4      | Noticed a phantom
  2309 | D:5      | Entered Level 5 of the Dungeon
  2355 | D:5      | Slain by a phantom

Illustrated notes

Levels and vault maps discovered:
D:1:      onia_arrival_pyramid, layout_basic
D:2:      layout_loops_ring, doesnt_xom_only_xom, minmay_tetromino_o2
D:3:      layout_basic, lemuel_doored_altar, serial_rivers,
          chequers_serial_rivers_marsh, chequers_serial_rivers_large_a,
          chequers_serial_rivers_small_a, chequers_serial_rivers_large_b,
          chequers_serial_rivers_micro_d, chequers_serial_rivers_micro_d,
          minmay_ogre_servants, uniq_robin, uniq_ijyb, uniq_jessica
D:4:      layout_gridville, nicolae_overflow_crystal_walls,
          hangedman_abyss_or_decor_stabs, grunt_ministairs_1,
          hangedman_abyss_or_decor_lesser_grid, lemuel_old_faithful, uniq_edmund
D:5:      layout_gridville, tgw_fedhas, basic_altar

Skill      XL: |  1  2  3  4 |
---------------+-------------+-----
Short Blades   | 3 |  3.3
Stealth        | 6 |  6.6
Fighting       | 3 |  3.2
Throwing       | |  2.2
Armour         | |  0.6
Dodging        | |  1.9

Action                   |  1- 3 |  4- 6 || total
-------------------------+-------+-------++-------
Melee: Dagger            |    67 |   113 ||   180
Throw: Dart              |       |     1 ||     1
  Use: Scroll            |       |     3 ||     3
       Potion            |       |     1 ||     1
 Stab: Sleeping          |    18 |     9 ||    27
Armor: Robe              |     5 |       ||     5
       Leather armour    |     5 |    26 ||    31
Dodge: Dodged            |    39 |   124 ||   163

Table legend: (Time is in decaauts)
 A = Elapsed time spent in this place.
 B = Non-inter-level travel time spent in this place.
 C = Inter-level travel time spent in this place.
 D = Time resting spent in this place.
 E = Time spent auto-exploring this place.
 F = Levels seen in this place.
 G = Mean time per level.
                   A        B        C        D        E       F      G
               +--------+--------+--------+--------+--------+-----+--------+
         Total |   2325 |   2275 |     50 |    504 |   1232 |   5 |  465.0 |
       Dungeon |   2325 |   2275 |     50 |    504 |   1232 |   5 |  465.0 |
               +--------+--------+--------+--------+--------+-----+--------+

Top non-repeatable levels by time:
     D:2: 995 daAuts
     D:1: 804 daAuts
     D:3: 449 daAuts
     D:5: 43 daAuts
     D:4: 32 daAuts
